 Dungeon Crawl Stone Soup version 0.30-a0-457-g4b7bca3bfa (webtiles) character file.

Game seed: 9133580003389045558

73 WNRobin the Trooper (level 4, 0/40 HPs)
             Began as a Hill Orc Wanderer on Dec 13, 2022.
             Slain by a gnoll
             ... wielding a +0 flail of protection
              (5 damage)
             ... on level 2 of the Dungeon.
             The game lasted 00:04:20 (1618 turns).

WNRobin the Trooper (Hill Orc Wanderer)             Turns: 1618, Time: 00:04:20

Health: 0/40       AC:  3    Str: 16    XL:     4   Next: 27%
Magic:  5/5        EV: 11    Int: 13    God:
Gold:   18         SH:  0    Dex:  9    Spells: 4/5 levels left

rFire   . . .      SeeInvis .    a - +1 mace
rCold   . . .      Faith    .    (no shield)
rNeg    . . .      Spirit   .    c - +0 leather armour
rPois   .          Reflect  .    (no helmet)
rElec   .          Harm     .    (no cloak)
rCorr   .          Rampage  .    (no gloves)
Will    .....                    (no boots)
Stlth   +.........               (no amulet)
HPRegen 0.26/turn                (no ring)
MPRegen 0.09/turn                (no ring)

@: no status effects
A: no striking features
a: no special abilities


You were on level 2 of the Dungeon.
You visited 1 branch of the dungeon, and saw 2 of its levels.

You collected 18 gold pieces.


   Skills:
 - Level 4.0 Fighting
 - Level 1.1 Maces & Flails
 - Level 1.0 Throwing
 + Level 2.0 Armour
 + Level 1.4 Dodging
 - Level 1.0 Stealth
 - Level 1.0 Spellcasting
 - Level 2.0 Necromancy
 - Level 1.2 Invocations
 - Level 1.0 Evocations


You had 4 spell levels left.
You knew the following spells:

 Your Spells              Type           Power      Damage    Failure   Level
X - Necrotise             Necr           20%        1d5       16%         1

Your spell library contained the following spells:

 Spells                   Type           Power      Damage    Failure   Level
 Magic Dart               Conj           0%         1d3       34%         1
 Call Imp                 Summ           0%         N/A       45%         2
 Mephitic Cloud           Conj/Pois/Air  0%         N/A       71%         3
 Dispel Undead            Necr           5%         3d7       83%         4
 Anguish                  Hex/Necr       1%         N/A       92%         4

Inventory:

Hand Weapons
 a - a +1 mace (weapon)
 b - a +0 sling
   (You found it on level 2 of the Dungeon)
Missiles
 e - 19 stones
 k - 3 poisoned darts
Armour
 c - a +0 leather armour (worn)
Jewellery
 R - a ring of resist corrosion
   (You found it on level 2 of the Dungeon)
Scrolls
 d - 2 scrolls of amnesia {unknown}
 f - 4 scrolls of identify {unknown}
 g - a scroll of silence {!r}
 i - a scroll of enchant armour {unknown}
 j - a scroll of noise {unknown}
 l - a scroll of immolation {unknown}
Potions
 h - a potion of might {unknown}

Dungeon Overview and Level Annotations

Branches:
Dungeon (2/15) Zot: 10325

Altars:

#### #.############ ...#
#............#### ...#
#######+####..........# ...#
......................# ...#
......................##
#########......g@..............#.
#..............#'####..........#.
#..............#.# #..........#.
..........<....#.# #######'####.
...............#.# #.# #.
.....####......#.##########.####.
.....# #......#............).)'.
.....# #......############.####.
.....# #......# ####'####.


You could see a gnoll.


Message History

Aim: a gnoll, wielding a +0 club (56% to hit)
You shoot a sling bullet. The sling bullet hits the gnoll.
Fire: b) +0 sling
Press: ? - help, Q - select action, (/) - cycle Shift-Dir - straight line, f/p - gnoll
Aim: a gnoll, wielding a +0 club (lightly wounded, 56% to hit)
You shoot a sling bullet.
The sling bullet hits the gnoll but does no damage. 😨 HP[+1]
a - a +1 mace (weapon)
The gnoll misses you.
You hit the gnoll. The gnoll hits you with a +0 club.
* * * LOW HITPOINT WARNING * * *
😨 HP[-5]
You take 5 damage, and now have 15/40 hp.
You hit the gnoll. The gnoll hits you with a +0 club.
* * * LOW HITPOINT WARNING * * *
😱 HP[-5]
You take 5 damage, and now have 10/40 hp.
You barely miss the gnoll. The gnoll hits you with a +0 club.
* * * LOW HITPOINT WARNING * * *
The gnoll barely misses you.
You hit the gnoll. The gnoll hits you but does no damage.
You barely miss the gnoll. The gnoll hits you with a +0 club.
* * * LOW HITPOINT WARNING * * *
😱 HP[-6]
You take 6 damage, and now have 4/40 hp.
You hit the gnoll.
You kill the gnoll!
Your Armour skill increases to level 2! 😱 HP[+1]
You see here a +0 club.
You start resting. 😎 HP[+35]
Your hp is fully restored (40).
b - a +0 sling (weapon)
Things that are here:
a +0 club; an adder corpse
e - 19 stones (gained 4)
You open the door.
There is an open door here.
Found a stone staircase leading up.
There is an open door here.
There is an open door here.
An endoplasm comes into view.
The endoplasm moves out of view.
There is an open door here.
There is an open door here.
A gnoll comes into view.
It is wielding a +0 flail of protection.
You shoot a sling bullet. The sling bullet hits the gnoll.
The gnoll hits you with a +0 flail of protection. 😕 HP[-2]
You take 2 damage, and now have 38/40 hp.
You shoot a sling bullet.
The sling bullet hits the gnoll but does no damage.
The gnoll misses you. 😕 HP[+1]
a - a +1 mace (weapon)
The gnoll hits you but does no damage.
You hit the gnoll but do no damage. The gnoll barely misses you.
You hit the gnoll.
The gnoll hits you with a +0 flail of protection.
The gnoll hits you with a +0 flail of protection! 😮 HP[-15]
You take 15 damage, and now have 24/40 hp.
MASSIVE DAMAGE!! (PAUSE)
You hit the gnoll. The gnoll closely misses you. 😮 HP[+1]
You hit the gnoll.
The gnoll hits you with a +0 flail of protection. 😮 HP[-2]
You take 2 damage, and now have 23/40 hp.
You closely miss the gnoll.
The gnoll hits you with a +0 flail of protection.
* * * LOW HITPOINT WARNING * * *
The gnoll barely misses you. 😨 HP[-3]
You take 3 damage, and now have 20/40 hp.
You barely miss the gnoll. The gnoll closely misses you.
You hit the gnoll but do no damage. The gnoll closely misses you.
Unknown command.
You barely miss the gnoll.
The gnoll hits you with a +0 flail of protection.
* * * LOW HITPOINT WARNING * * *
The gnoll hits you with a +0 flail of protection!
* * * LOW HITPOINT WARNING * * *
😨 HP[-7]
You take 7 damage, and now have 13/40 hp.
You barely miss the gnoll.
The gnoll hits you with a +0 flail of protection.
* * * LOW HITPOINT WARNING * * *
😱 HP[-4]
You take 4 damage, and now have 9/40 hp.
You completely miss the gnoll.
The gnoll hits you with a +0 flail of protection.
* * * LOW HITPOINT WARNING * * *
😱 HP[-5]
You take 5 damage, and now have 4/40 hp.
You hit the gnoll but do no damage. The gnoll closely misses you.
The gnoll hits you with a +0 flail of protection.
You die...

Skill      XL: |  1  2  3  4 |
---------------+-------------+-----
Fighting       | 3 4 |  4.0
Armour         | 1 2 |  2.0
Dodging        | 1 |  1.4
Maces & Flails | |  1.1
Throwing       | |  1.0
Stealth        | |  1.0
Spellcasting   | |  1.0
Necromancy     | |  2.0
Invocations    | |  1.2
Evocations     | |  1.0

Action                   |  1- 3 |  4- 6 || total
-------------------------+-------+-------++-------
Melee: Mace              |    94 |    17 ||   111
 Fire: Sling             |    37 |     4 ||    41
 Stab: Sleeping          |     1 |       ||     1
Armor: Leather armour    |    37 |     2 ||    39
Dodge: Dodged            |    74 |     9 ||    83

Levels and vault maps discovered:
D:1:      tekkud_arrival_beachfront_property, layout_rooms,
          minmay_misc_feat_hallway, serial_bayou_pond_d
D:2:      layout_basic

Notes
Turn   | Place    | Note
-------+----------+-------------------------------------------
     0 | D:1      | WNRobin the Hill Orc Wanderer began the quest for the Orb.
     0 | D:1      | WNRobin set off with the following items: a +1 mace, a
                  | scroll of silence {!r}, a +0 leather armour; and the
                  | following spell memorised: Necrotise; and the following
                  | spells available to memorise: Dispel Undead, Anguish.
     0 | D:1      | Reached XP level 1. HP: 18/18 MP: 2/2
     0 | D:1      | magus.rc [v1.11.2]
    78 | D:1      | You pick up a book of Minor Magic and begin reading...
    78 | D:1      | You add the spells Magic Dart, Call Imp and Mephitic Cloud
                  | to your library.
   132 | D:1      | Reached skill level 3 in Fighting
   157 | D:1      | Reached XP level 2. HP: 15/26 MP: 3/3
   629 | D:2      | Reached skill level 4 in Fighting
   629 | D:2      | HP: 2/27 [worm (9)]
   714 | D:2      | HP: 4/27 [worm (7)]
   754 | D:2      | HP: 6/27 [worm (8)]
   757 | D:2      | Reached XP level 3. HP: 9/33 MP: 4/4
  1249 | D:2      | Reached skill level 1 in Armour
  1317 | D:2      | Reached skill level 1 in Dodging
  1317 | D:2      | HP: 7/33 [gnoll/+0 club (7)]
  1319 | D:2      | Reached XP level 4. HP: 6/40 MP: 5/5
  1384 | D:2      | HP: 10/40 [gnoll/+0 club (5)]
  1387 | D:2      | HP: 4/40 [gnoll/+0 club (6)]
  1389 | D:2      | Reached skill level 2 in Armour
  1616 | D:2      | HP: 9/40 [gnoll/+0 flail of protection (4)]
  1617 | D:2      | HP: 4/40 [gnoll/+0 flail of protection (5)]
  1618 | D:2      | Slain by a gnoll

Vanquished Creatures
  2 gnolls (D:2)
  2 adders (D:2)
  2 worms (D:2)
  2 endoplasms
  2 goblins (D:1)
  6 jackals
  A quokka (D:1)
  6 bats
  3 frilled lizards
  2 kobolds (D:1)
  4 rats (D:1)
32 creatures vanquished.

Table legend:
 A = Non-vault XP
 B = Vault XP
 C = Vault XP percentage of total XP
 D = Non-vault monster count
 E = Vault monster count
 F = Vault count percentage of total count
                 A         B        C        D         E       F
            +---------+---------+-------+---------+---------+-------
      Total |     105 |       0 |   0.0 |      32 |       0 |   0.0
            +---------+---------+-------+---------+---------+-------
        D:1 |      24 |       0 |   0.0 |      17 |       0 |   0.0
        D:2 |      81 |       0 |   0.0 |      15 |       0 |   0.0
            +---------+---------+-------+---------+---------+-------

Illustrated notes

Table legend:
 A = Kills in this place as a percentage of kills in entire the game.
 B = Kills by you in this place as a percentage of kills by you in the entire game.
 C = Kills by friends in this place as a percentage of kills by friends in the entire game.
 D = Other kills in this place as a percentage of other kills in the entire game.
 E = Experience gained in this place as a percentage of experience gained in the entire game.
 F = Experience gained in this place divided by the number of levels of this place that you have seen.
                   A       B       C       D       E      F
               +-------+-------+-------+-------+-------+----------------------
         Total | 100.0 | 100.0 |   N/A |   N/A | 100.0 |  52.5
       Dungeon | 100.0 | 100.0 |   N/A |   N/A | 100.0 |  52.5
               +-------+-------+-------+-------+-------+----------------------

Table legend: (Time is in decaauts)
 A = Elapsed time spent in this place.
 B = Non-inter-level travel time spent in this place.
 C = Inter-level travel time spent in this place.
 D = Time resting spent in this place.
 E = Time spent auto-exploring this place.
 F = Levels seen in this place.
 G = Mean time per level.
                   A        B        C        D        E       F      G
               +--------+--------+--------+--------+--------+-----+--------+
         Total |   1673 |   1641 |     32 |    191 |   1032 |   2 |  836.5 |
       Dungeon |   1673 |   1641 |     32 |    191 |   1032 |   2 |  836.5 |
               +--------+--------+--------+--------+--------+-----+--------+

Top non-repeatable levels by time:
     D:2: 1061 daAuts
     D:1: 611 daAuts
